 Dungeon Crawl Stone Soup version 0.29.1-4-g47bece8355 (webtiles) character file.

Game seed: 7895956318961467189

108 javelincjr the Conjurer (level 4, 0/24 HPs)
             Began as a Deep Elf Conjurer on Dec 6, 2022.
             Slain by Grinder (2 damage)
             ... while paralysed by Grinder
             ... on level 3 of the Dungeon.
             The game lasted 00:14:03 (2667 turns).

javelincjr the Conjurer (Deep Elf Conjurer)         Turns: 2667, Time: 00:14:03

Health: 0/24       AC:  3    Str:  4    XL:     4   Next: 58%
Magic:  1/11       EV:  2    Int: 25    God:
Gold:   122        SH:  0    Dex: 13    Spells: 7/10 levels left

rFire   . . .      SeeInvis .   f - +1 dagger (venom)
rCold   . . .      Faith    .   (no shield)
rNeg    . . .      Spirit   .   a - +0 robe
rPois   .          Reflect  .   (no helmet)
rElec   .          Harm     .   l - +0 cloak
rCorr   .          Rampage  .   (no gloves)
Will    .....                   (no boots)
Stlth   ++........              (no amulet)
HPRegen 0.08/turn               (no ring)
MPRegen 0.12/turn               (no ring)

@: paralysed
A: no striking features
a: no special abilities


You were on level 3 of the Dungeon.
You visited 1 branch of the dungeon, and saw 4 of its levels.

You collected 122 gold pieces.

Inventory:

Hand Weapons
 e - a +0 whip
 f - a +1 dagger of venom (weapon)
Armour
 a - a +0 robe (worn)
 l - a +0 cloak (worn)
Wands
 k - a wand of roots (13)
Scrolls
 d - 2 scrolls of amnesia
 h - a scroll of identify
Potions
 b - a potion of magic
 c - 3 potions of curing
 g - a potion of mutation {unknown}
 i - a potion of attraction {unknown}


   Skills:
 + Level 0.2 Short Blades
 + Level 2.7 Dodging
 + Level 3.1 Stealth
 + Level 3.9 Spellcasting
 + Level 5.9 Conjurations


You had 7 spell levels left.
You knew the following spells:

 Your Spells              Type           Power      Damage    Failure   Level
a - Magic Dart            Conj           100%       1d8       1%          1
b - Searing Ray           Conj           68%        2d6       1%          2

Your spell library contained the following spells:

 Spells                   Type           Power      Damage    Failure   Level
 Dazzling Flash           Conj/Hex       38%        N/A       9%          3
 Fulminant Prism          Conj/Hex       9%         3d7       26%         4
 Iskenderun's Mystic Bla  Conj/Tloc      19%        2d6       26%         4


Dungeon Overview and Level Annotations

Branches:
Dungeon (4/15)
 Temple: D:4-7

Altars:
Gozag

Annotations:
D:3 Grinder
D:4 Natasha


Message History

Casting: Magic Dart (safe; 1% risk of failure)
Confirm with . or Enter, or press ? or * to list all spells.
Aiming: Searing Ray (safe; 1% risk of failure)
Press: ? - help, Shift-Dir - straight line, f/p - Grinder
Aim: Grinder (heavily wounded, fast, 78% to hit)
The searing ray hits Grinder!
Grinder is severely wounded. (Press . to maintain the ray.)
The searing ray misses Grinder.
Grinder hits you.
You writhe in agony.
Grinder gestures at you. Pain shoots through your body!
The searing ray misses Grinder.
Grinder splashes around in the water.
The searing ray misses Grinder.
You finish channelling your searing ray.
Grinder blinks!
You start resting.
Grinder is nearby!
Casting: Searing Ray (safe; 1% risk of failure)
Confirm with . or Enter, or press ? or * to list all spells.
Aiming: Magic Dart (safe; 1% risk of failure)
Press: ? - help, Shift-Dir - straight line, f/p - Grinder
Aim: Grinder (heavily wounded, fast, 100% to hit)
The magic dart hits Grinder.
Grinder is severely wounded.
Casting: Magic Dart (safe; 1% risk of failure)
Confirm with . or Enter, or press ? or * to list all spells.
Aiming: Searing Ray (safe; 1% risk of failure)
Press: ? - help, Shift-Dir - straight line, f/p - Grinder
Aim: Grinder (severely wounded, fast, 78% to hit)
The searing ray misses Grinder. (Press . to maintain the ray.) Grinder hits you.
You writhe in agony.
The searing ray hits Grinder.
Grinder is almost dead.
Grinder gestures at you.
You suddenly lose the ability to move!
Grinder hits you.
* * * LOW HITPOINT WARNING * * *
You writhe in agony.
You die...

~. . #~ ~ . .. # #~ ~~
.#####. #.~~ .~~ # ~(...
.#~ .~.~#~~...# ~.
_~..~~#~#.## #8
#######~8~~...#
#~#~##~.~~.####....#
#~.~@5~~†...~.††...#
....####.#.###..###.#.##
. #.#.###.## #.#...
..#.##..# #.####
####.##..# #.#
#.##).####.# #
######..........####
........)....).......
################..###


You could see Grinder (fast).

Vanquished Creatures
  Jessica (D:3)
  An adder (D:3)
  3 worms
  3 dart slugs
  4 endoplasms
  4 giant cockroaches
  7 goblins
  6 hobgoblins
  2 kobolds (D:1)
  2 quokkas
  7 ball pythons
  8 bats
  2 frilled lizards
  4 rats (D:1)
  A spectral kobold (D:3)
55 creatures vanquished.

Notes
Turn   | Place    | Note
-------+----------+-------------------------------------------
     0 | D:1      | javelincjr the Deep Elf Conjurer began the quest for the
                  | Orb.
     0 | D:1      | Reached XP level 1. HP: 10/10 MP: 6/6
   156 | D:1      | Reached XP level 2. HP: 11/15 MP: 1/8
   629 | D:1      | Reached skill level 5 in Conjurations
   779 | D:1      | Reached XP level 3. HP: 19/19 MP: 1/10
  1556 | D:2      | Learned a level 2 spell: Searing Ray
  1730 | D:2      | Found an opulent altar of Gozag.
  2201 | D:4      | Noticed Natasha
  2474 | D:3      | Noticed Jessica
  2475 | D:3      | Killed Jessica
  2476 | D:3      | Reached XP level 4. HP: 24/24 MP: 8/11
  2635 | D:3      | Found a faded altar of an unknown god.
  2635 | D:3      | Noticed Grinder
  2666 | D:3      | Paralysed by Grinder for 4 turns
  2667 | D:3      | Slain by Grinder

Illustrated notes

Levels and vault maps discovered:
D:1:      dpeg_arrival_pits, layout_rooms, minmay_tromino_mix6
D:2:      layout_basic, basic_altar
D:3:      layout_loops_ring, grunt_temple_overflow_open,
          dreamdust_ecumenical_altar_drowned_temple, uniq_crazy_yiuf_cottage,
          uniq_jessica, uniq_grinder
D:4:      layout_rooms, eino_small_chamber_without_monster,
          kennysheep_generic_room_5, uniq_natasha

Skill      XL: |  1  2  3  4 |
---------------+-------------+-----
Conjurations   | 5 |  5.9
Stealth        | 3 |  3.1
Short Blades   | |  0.2
Dodging        | |  2.7
Spellcasting   | |  3.9

Action                   |  1- 3 |  4- 6 || total
-------------------------+-------+-------++-------
Melee: Dagger            |    13 |       ||    13
       Whip              |     4 |       ||     4
 Cast: Magic Dart        |    83 |    15 ||    98
       Searing Ray       |     2 |     3 ||     5
  Use: Scroll            |     7 |       ||     7
       Potion            |     1 |       ||     1
 Stab: Sleeping          |     1 |       ||     1
Armor: Robe              |    10 |       ||    10
Dodge: Dodged            |    19 |       ||    19
